 Dungeon Crawl Stone Soup version 0.30-a0-748-ge6a52f7cba (webtiles) character file.

Game seed: 16581460499451869044

31 Leeroy the Slasher (level 3, 0/18 HPs)
             Began as a Vine Stalker Warper on Feb 8, 2023.
             Killed by nerve-wracking pain
             ... invoked by an orc priest
              (2 damage)
             ... on level 3 of the Dungeon.
             The game lasted 00:01:51 (1298 turns).

Leeroy the Slasher (Vine Stalker Warper)            Turns: 1298, Time: 00:01:51

Health: 0/18       AC:  2    Str: 13    XL:     3   Next: 22%
Magic:  0/7        EV: 12    Int: 13    God:
Gold:   73         SH:  0    Dex: 15    Spells: 4/6 levels left

rFire   . . .      SeeInvis .    a - +0 falchion
rCold   . . .      Faith    .    (no shield)
rNeg    . . .      Spirit   +    n - +0 robe {Archmagi}
rPois   .          Reflect  .    (no helmet)
rElec   .          Harm     .    (no cloak)
rCorr   .          Rampage  .    (no gloves)
Will    .....      Archmagi +    (no boots)
Stlth   +                        (no amulet)
HPRegen 0.23/turn                (no ring)
MPRegen 0.10/turn                (no ring)

@: no status effects
A: fangs 2, magic shield, antimagic bite, no potion heal 2
a: no special abilities


You were on level 3 of the Dungeon.
You visited 1 branch of the dungeon, and saw 3 of its levels.

You collected 73 gold pieces.

Inventory:

Hand Weapons
 a - a +0 falchion (weapon)
Missiles
 d - 6 boomerangs of dispersal (quivered)
Armour
 b - a +0 leather armour
 n - a +0 robe of the Archmagi (worn)
Jewellery
 m - a ring of see invisible
Scrolls
 c - a scroll of blinking
 i - a scroll of identify {unknown}
 l - 2 scrolls of noise {unknown}
Potions
 e - 2 potions of heal wounds {unknown}
 f - a potion of curing {unknown}
 g - a potion of magic {unknown}
 h - a potion of degeneration {unknown}
 j - a potion of flight {unknown}
 k - a potion of lignification {unknown}


   Skills:
 - Level 1.7 Fighting
 + Level 3.2 Long Blades
 - Level 0.8 Throwing
 - Level 0.7 Armour
 - Level 1.5 Dodging
 - Level 2.1 Spellcasting
 - Level 3.0 Translocations


You had 4 spell levels left.
You knew the following spells:

 Your Spells              Type           Power      Damage    Failure   Level
a - Blink                 Tloc           26%        N/A       11%         2

Your spell library contained the following spells:

 Spells                   Type           Power      Damage    Failure   Level
 Lesser Beckoning         Tloc           26%        N/A       11%         2
 Teleport Other           Tloc           13%        N/A       22%         3
 Vhi's Electric Charge    Tloc/Air       14%        N/A       38%         3
 Manifold Assault         Tloc           13%        N/A       58%         4


Dungeon Overview and Level Annotations

Branches:
Dungeon (3/15)

Altars:


Innate Abilities, Weirdness & Mutations

You have extremely sharp teeth.
When hurt, damage is shared between your health and your magic reserves.
Your bite disrupts and absorbs the magic of your enemies.
Potions cannot restore your health.


Message History

No target in view!
An orc comes into view. It is wielding a +0 flail.
An orc is nearby!
You slash the orc!
You kill the orc!
No target in view!
No target in view!
An orc priest comes into view. It is wielding a +0 club.
Items here: ))) [ †.
The orc priest shouts!
The orc priest calls down the wrath of Beogh upon you.
You barely resist.
The orc priest invokes the aid of Beogh against you.
Pain shoots through your body!
The orc priest invokes the aid of Beogh against you.
Beogh smites you!
Ouch! That really hurt!
* * * LOW HITPOINT WARNING * * *
You are too injured to fight recklessly!
You are too injured to fight recklessly!
You are too injured to fight recklessly!
You are too injured to fight recklessly!
You are too injured to fight recklessly!
You are too injured to fight recklessly!
Blink to where?
Press: ? - help, Dir - move target, f - you
Okay, then.
Casting: Blink (safe; 11% risk of failure)
Confirm with . or Enter, or press ? or * to list all spells.
Okay, then.
Throw: 7 boomerangs (disperse)
Press: ? - help, Q - select action, (/) - cycle Shift-Dir - straight line, f - orc priest
Aim: an orc priest, wielding a +0 club (57% to hit)
You throw a boomerang of dispersal.
The boomerang of dispersal hits the orc priest.
The orc priest blinks!
The orc priest is moderately wounded.
The orc priest calls down the wrath of Beogh upon you.
Pain shoots through your body!
You die...

# #.# .# # #.# .# # #.# .#
# #.# .# ####.# .#
...#.################.###.#
##.#...............†......#
#.....#############)######
#####.# #o.§.@....# #.#
##.#...#### #.# #.#.# #.#
.....# #.# #.##.### ..# #
#. ... #. ### #.


You could see an orc priest.

Vanquished Creatures
  2 orcs (D:3)
  4 ball pythons
  6 goblins
  4 hobgoblins
  3 kobolds
  3 bats
  A frilled lizard (D:1)
  4 rats (D:1)
27 creatures vanquished.

Notes
Turn   | Place    | Note
-------+----------+-------------------------------------------
     0 | D:1      | Leeroy the Vine Stalker Warper began the quest for the Orb.
     0 | D:1      | Reached XP level 1. HP: 11/11 MP: 4/4
   165 | D:1      | Reached XP level 2. HP: 15/15 MP: 4/6
   845 | D:2      | Learned a level 2 spell: Blink
  1200 | D:3      | Reached XP level 3. HP: 17/18 MP: 7/7
  1298 | D:3      | Killed from afar by an orc priest

Illustrated notes

Levels and vault maps discovered:
D:1:      erik_arrival_orb_chamber, layout_loops_ring
D:2:      layout_basic
D:3:      layout_basic

Skill      XL: |  1  2 |
---------------+-------+-----
Long Blades    | 2 3 |  3.2
Fighting       | |  1.7
Throwing       | |  0.8
Armour         | |  0.7
Dodging        | |  1.5
Spellcasting   | |  2.1
Translocations | |  3.0

Action                     || total
---------------------------++-------
  Melee: Falchion          ||    73
         Bite              ||    11
  Throw: Boomerang         ||     1
 Armour: Leather armour    ||    14
         Robe              ||     4
  Dodge: Dodged            ||    51

Table legend: (Time is in decaauts)
 A = Elapsed time spent in this place.
 B = Non-inter-level travel time spent in this place.
 C = Inter-level travel time spent in this place.
 D = Time resting spent in this place.
 E = Time spent auto-exploring this place.
 F = Levels seen in this place.
 G = Mean time per level.
                   A        B        C        D        E       F      G
               +--------+--------+--------+--------+--------+-----+--------+
         Total |   1309 |   1271 |     38 |      0 |   1055 |   3 |  436.3 |
       Dungeon |   1309 |   1271 |     38 |      0 |   1055 |   3 |  436.3 |
               +--------+--------+--------+--------+--------+-----+--------+

Top non-repeatable levels by time:
     D:1: 626 daAuts
     D:2: 491 daAuts
     D:3: 192 daAuts
